 Dungeon Crawl Stone Soup version 0.28-a0-674-gdaf460b524 (webtiles) character file.

Game seed: 5063645096573635387

1530 Irenicus the Geomancer (level 8, 0/62 HPs)
             Began as a Deep Dwarf Earth Elementalist on Oct 17, 2021.
             Was a Follower of Makhleb.
             Slain by an ice beast (11 damage)
             ... on level 6 of the Dungeon.
             The game lasted 00:20:26 (3245 turns).

Irenicus the Geomancer (DDEE)                       Turns: 3245, Time: 00:20:29

Health: 0/62       AC:  7    Str: 12    XL:     8   Next: 55%
Magic:  0/16       EV: 12    Int: 18    God:    Makhleb [*.....]
Gold:   541        SH:  0    Dex: 13    Spells: 12/18 levels left

rFire   . . .      SeeInvis .   t - staff of earth {!a}
rCold   . . .      Faith    .   (no shield)
rNeg    . . .      Spirit   .   m - +0 leather armour
rPois   +          Reflect  .   i - +2 helmet
rElec   .          Harm     .   (no cloak)
rCorr   .          Rampage  .   (no gloves)
Will    +....                   r - +0 pair of boots
Stlth   ++........              (no amulet)
HPRegen 0.00/turn               P - ring of poison resistance
MPRegen 0.15/turn               (no ring)

@: no status effects
A: damage resistance, heal wounds, sense surroundings 1, no regeneration
a: Heal Wounds, Renounce Religion


You were on level 6 of the Dungeon.
You worshipped Makhleb.
Makhleb was aware of your devotion.
You visited 2 branches of the dungeon, and saw 7 of its levels.
You also visited: Ossuary.

You collected 541 gold pieces.


Innate Abilities, Weirdness & Mutations

You are resistant to damage.
You can heal yourself by infusing magical energy.
You passively map a small area around you.
You do not regenerate.


   Skills:
 - Level 2.1 Dodging
 - Level 2.4 Stealth
 + Level 5.5 Spellcasting
 - Level 3.2 Conjurations
 - Level 0.8 Transmutations
 - Level 10.9 Earth Magic


You had 12 spell levels left.
You knew the following spells:

 Your Spells              Type           Power      Damage    Failure   Level
t - Stone Arrow           Conj/Erth      90%        3d12      2%          3
w - Passwall              Tmut/Erth      32%        N/A       2%          2
z - Sandblast             Erth           100%       2d20      1%          1

Your spell library contained the following spells:

 Spells                   Type           Power      Damage    Failure   Level
 Petrify                  Tmut/Erth      39%        N/A       14%         4

Inventory:

Hand Weapons
 h - a +2 dagger of freezing
 o - the +3 long sword of Distraction {vorpal, rC+}
   (You took it off an orc on level 6 of the Dungeon)

   It inflicts extra damage upon your enemies.
   rC:        It protects you from cold.
 q - a +1 dagger of venom
Missiles
 c - 64 stones
 e - 4 atropa-tipped darts
 v - a throwing net {=f}
Armour
 i - a +2 helmet (worn)
 m - a +0 leather armour (worn)
 r - a +0 pair of boots (worn)
Magical Staves
 s - a staff of cold {!a}
 t - a staff of earth (weapon) {!a}
Jewellery
 L - a ring of flight
 P - a ring of poison resistance (left hand)
Wands
 g - a wand of paralysis (8)
 n - a wand of iceblast (17)
 y - a wand of mindburst (7)
Scrolls
 a - 2 scrolls of enchant weapon {unknown}
 b - 2 scrolls of immolation {unknown}
 d - 3 scrolls of enchant armour
 f - 2 scrolls of teleportation {@r2}
 j - a scroll of fog {unknown}
 l - a scroll of fear {unknown}
 u - a scroll of vulnerability {unknown}
 x - a scroll of summoning {unknown}
Potions
 k - a potion of flight
 p - 2 potions of curing {@q1}
 w - a potion of haste {@q3}

Dungeon Overview and Level Annotations

Branches:
Dungeon (6/15)             Temple (1/1) D:5         Ossuary (visited)

Altars:
Dithmenos
Elyvilon
Fedhas
Hepliaklqana
Makhleb
Nemelex Xobeh
Okawaru
Qazlal
Trog
Uskayaw
Vehumet
Xom
Yredelemnul
Zin

...#..<..... ......,
... ...#.#.#'#####.,,
...... .[
...#.#.#.#....####....
# *
.................... ,
* ..................#
......#...........# *
, ,
......'...........# ,
, ......#.########Y.#
* ......#.....## #@.#
......#####..# #### *
, ###.### ##.## ,
#.#▒▒▒▒▒ #..# *,
#.#▒...▒ #..# ,
###▒.⚑.▒ ▒..# * ▒...▒
▒..# ▒..▒▒##..# ,
▒...▒#...#


You could see an ice beast.


Message History

The ice beast is lightly wounded.
The ice beast hits you but does no damage.
You completely miss the ice beast.
The ice beast is lightly wounded.
The ice beast hits you but does no damage.
You closely miss the ice beast.
The ice beast is lightly wounded.
The ice beast closely misses you.
Casting: Stone Arrow (dangerous; 2% risk of failure)
Confirm with . or Enter, or press ? or * to list all spells.
Aiming: Sandblast (safe; 1% risk of failure)
Press: ? - help, Shift-Dir - straight line, f/p - ice beast
Aim: an ice beast (lightly wounded, 84% to hit)
You feel a surge of power!
The blast of sand misses the ice beast.
The ice beast barely misses you.
You hit the ice beast.
The ice beast is lightly wounded.
The ice beast hits you but does no damage.
Aiming: Mindburst
Press: ? - help, Shift-Dir - straight line, f/p - ice beast
Aim: an ice beast (lightly wounded, chance to affect: 65%)
The ice beast struggles to resist.
The ice beast hits you but does no damage.
Aiming: Mindburst
Press: ? - help, Shift-Dir - straight line, f/p - ice beast
Aim: an ice beast (lightly wounded, chance to affect: 65%)
The ice beast struggles to resist.
The ice beast hits you.
* * * LOW HITPOINT WARNING * * *
The ice beast freezes you!
You die...

Skill      XL: |  1  2  3  4  5  6  7  8 |
---------------+-------------------------+-----
Earth Magic    | 5 6 8 10 | 10.9
Spellcasting   | 2 3 5 |  5.5
Conjurations   | 2 3 |  3.2
Dodging        | |  2.1
Stealth        | |  2.4
Transmutations | |  0.8

Action                   |  1- 3 |  4- 6 |  7- 9 || total
-------------------------+-------+-------+-------++-------
Melee: Dagger            |    65 |    18 |     1 ||    84
       Staff             |       |       |    50 ||    50
 Cast: Sandblast         |    36 |    54 |    65 ||   155
       Passwall          |       |     2 |     4 ||     6
       Stone Arrow       |       |       |    19 ||    19
 Abil: Heal Wounds       |     1 |       |       ||     1
Evoke: Wand              |       |       |     3 ||     3
  Use: Scroll            |     2 |       |     3 ||     5
       Potion            |     1 |     1 |     1 ||     3
 Stab: Sleeping          |     1 |     1 |     1 ||     3
       Paralysed         |       |       |     9 ||     9
Armor: Robe              |    21 |     4 |       ||    25
       Leather armour    |       |    17 |    33 ||    50
Dodge: Dodged            |    51 |    39 |    52 ||   142

Levels and vault maps discovered:
D:1:      dpeg_arrival_tiny_h, layout_loops_corners,
          shapermc_ecumenical_altar_mp_urbaneastern, minmay_split_cup_small
D:2:      layout_rooms, basic_altar, serial_rivers,
          chequers_serial_rivers_micro_d, chequers_serial_rivers_micro_a,
          chequers_serial_rivers_room_b, chequers_serial_rivers_small_b,
          chequers_serial_rivers_small_a, chequers_serial_rivers_small_a,
          uniq_robin, uniq_sigmund
D:3:      layout_basic, kennysheep_boxes
D:4:      layout_loops_corners, chequers_serial_rivers_micro_c, st_stairs_11,
          hex_tiny
D:5:      layout_cave_pods, trog_hazing_becter, temple_statues
D:6:      layout_basic, general_overflow_altar,
          mainiacjoe_overflow_surrounded_room, fedhas_altar_2,
          lemuel_round_altar, nicolae_hepliaklqana_hippocampus,
          mainiacjoe_overflow_24_doors, nicolae_ossuary_entry_false_entrances,
          grunt_ministairs_3, uniq_edmund
Temple:   cyrus_circular_temple

Notes
Turn   | Place    | Note
-------+----------+-------------------------------------------
     0 | D:1      | Irenicus the Deep Dwarf Earth Elementalist began the quest
                  | for the Orb.
     0 | D:1      | Reached XP level 1. HP: 15/15 MP: 3/3
   380 | D:1      | Reached XP level 2. HP: 22/22 MP: 1/4
   532 | D:1      | Found a faded altar of an unknown god.
   574 | D:1      | Reached skill level 5 in Earth Magic
   744 | D:2      | Reached XP level 3. HP: 11/28 MP: 0/5
   758 | D:2      | Noticed Robin
   764 | D:2      | HP: 2/28 [Robin (5)]
   817 | D:2      | Killed Robin
   818 | D:2      | Reached skill level 6 in Earth Magic
   877 | D:2      | Noticed Sigmund
   935 | D:2      | Reached skill level 2 in Spellcasting
   935 | D:2      | Reached XP level 4. HP: 17/36 MP: 1/7
   974 | D:2      | Found a radiant altar of Vehumet.
  1042 | D:2      | Killed Sigmund
  1043 | D:2      | Reached skill level 8 in Earth Magic
  1043 | D:2      | Reached XP level 5. HP: 16/42 MP: 2/8
  1149 | D:3      | HP: 4/42 [orc priest/divine providence (12)]
  1164 | D:3      | Reached XP level 6. HP: 28/49 MP: 9/9
  1256 | D:3      | Reached skill level 9 in Earth Magic
  1297 | D:3      | Learned a level 2 spell: Passwall
  1301 | D:3      | Learned a level 3 spell: Stone Arrow
  1576 | D:4      | Reached skill level 10 in Earth Magic
  2145 | D:5      | Entered Level 5 of the Dungeon
  2164 | D:5      | Reached XP level 7. HP: 23/55 MP: 8/10
  2335 | D:5      | Found a staircase to the Ecumenical Temple.
  2346 | Temple   | Entered the Ecumenical Temple
  2351 | Temple   | Became a worshipper of Makhleb the Destroyer
  2447 | D:5      | Reached skill level 1 in Conjurations
  2619 | D:5      | Reached skill level 2 in Conjurations
  2627 | D:5      | Found a bloodstained altar of Trog.
  2630 | D:5      | Reached skill level 3 in Spellcasting
  2730 | D:6      | Found a hide-covered altar of Uskayaw.
  2788 | D:6      | Reached XP level 8. HP: 15/62 MP: 0/13
  2795 | D:6      | Reached * piety under Makhleb
  2844 | D:6      | Reached skill level 3 in Conjurations
  2872 | D:6      | Reached skill level 4 in Spellcasting
  2886 | D:6      | Found a stormy altar of Qazlal.
  2891 | D:6      | HP: 4/62 [white imp/puff of frost (4)]
  2903 | D:6      | Identified the +3 long sword of Distraction {vorpal, rC+}
  2937 | D:6      | Found a sand-covered staircase.
  2947 | Ossuary  | Entered an ossuary
  2996 | Ossuary  | Reached skill level 5 in Spellcasting
  3142 | D:6      | Found a radiant altar of Vehumet.
  3170 | D:6      | Found a blossoming altar of Fedhas.
  3214 | D:6      | Found a hazy altar of Hepliaklqana.
  3245 | D:6      | Slain by an ice beast

Vanquished Creatures
  Sigmund (D:2)
  A water moccasin (D:5)
  An ice beast (D:6)
  A necrophage (D:6)
  An ogre (D:5)
  An elf zombie (Ossuary)
  3 scorpions
  A wyvern zombie (D:5)
  A water moccasin zombie (D:5)
  A water moccasin skeleton (D:4)
  A howler monkey (D:6)
  2 bullfrog skeletons
  2 hounds
  A gnoll shaman (D:6)
  2 orc priests
  A jelly (D:4)
  An orc wizard (D:3)
  2 mummies (Ossuary)
  Robin (D:2)
  10 gnolls (D:6)
  3 adders
  2 white imps (D:6)
  3 ufetubi
  A worm (D:2)
  2 dart slugs
  16 orcs
  10 ball pythons
  4 endoplasms
  4 giant cockroaches
  4 gnoll zombies (Ossuary)
  15 goblins
  6 hobgoblins
  2 jackals (D:2)
  8 kobolds
  5 quokkas
  2 bats
  3 frilled lizards
  3 goblin zombies (Ossuary)
  6 orc zombies (Ossuary)
  7 rats
141 creatures vanquished.

Vanquished Creatures (others)
  2 fungi (D:1)
  2 plants (D:1)
4 creatures vanquished.

Grand Total: 145 creatures vanquished

Table legend: (Time is in decaauts)
 A = Elapsed time spent in this place.
 B = Non-inter-level travel time spent in this place.
 C = Inter-level travel time spent in this place.
 D = Time resting spent in this place.
 E = Time spent auto-exploring this place.
 F = Levels seen in this place.
 G = Mean time per level.
                   A        B        C        D        E       F      G
               +--------+--------+--------+--------+--------+-----+--------+
         Total |   3260 |   3142 |    118 |      0 |    297 |   8 |  407.5 |
       Dungeon |   3104 |   2986 |    118 |      0 |    297 |   6 |  517.3 |
        Temple |     10 |     10 |      0 |      0 |      0 |   1 |   10.0 |
       Ossuary |    145 |    145 |      0 |      0 |      0 |   1 |  145.0 |
               +--------+--------+--------+--------+--------+-----+--------+

Top non-repeatable levels by time:
     D:1: 642 daAuts
     D:4: 630 daAuts
     D:5: 568 daAuts
     D:2: 476 daAuts
     D:3: 398 daAuts
     D:6: 387 daAuts
 Ossuary: 145 daAuts
  Temple: 10 daAuts

Table legend:
 A = Non-vault XP
 B = Vault XP
 C = Vault XP percentage of total XP
 D = Non-vault monster count
 E = Vault monster count
 F = Vault count percentage of total count
                 A         B        C        D         E       F
            +---------+---------+-------+---------+---------+-------
      Total |    1596 |     591 |  27.0 |      94 |      47 |  33.3
            +---------+---------+-------+---------+---------+-------
        D:1 |      11 |       8 |  42.1 |       6 |       3 |  33.3
        D:2 |      46 |     244 |  84.1 |      19 |      14 |  42.4
        D:3 |     121 |       0 |   0.0 |      22 |       0 |   0.0
        D:4 |     248 |      51 |  17.1 |      11 |       4 |  26.7
        D:5 |     493 |      11 |   2.2 |      10 |       6 |  37.5
        D:6 |     677 |     129 |  16.0 |      26 |       4 |  13.3
    Ossuary |       0 |     148 | 100.0 |       0 |      16 | 100.0
            +---------+---------+-------+---------+---------+-------
